 Dungeon Sprint DCSS version 0.21.1-1-g345015f (webtiles) character file.

11259 Fang the Severer (level 11, 0/92 HPs)
             Began as a Gargoyle Berserker on May 24, 2018.
             Was the Champion of Trog.
             Slain by an orc warrior
             ... wielding a +1 war axe of chopping
              (2 damage)
             ... in the Dungeon (Sprint IX: "|||||||||||||||||||||||||||||").
             The game lasted 00:05:31 (1195 turns).

Fang the Severer (Gargoyle Berserker)               Turns: 1195, Time: 00:05:32

Health: 0/92       AC: 22    Str: 24    XL:     11   Next: 74%
Magic:  11/11      EV: 12    Int:  8    God:    Trog [******]
Gold:   458        SH:  0    Dex:  4    Spells: 10/10 levels left

rFire    . . .     SeeInvis +   u - +5 executioner's axe of Invincibility {drain, rElec rPois Dex-5 SInv}
rCold    . . .     Gourm    .   (shield currently unavailable)
rNeg     + . .     Faith    .   o - +1 chain mail {rPois}
rPois    ∞         Spirit   .   (no helmet)
rElec    +         Reflect  .   (no cloak)
rCorr    .         Harm     .   (no gloves)
MR       .....     NoTele   +   (no boots)
Stlth    ..........             (no amulet)
HPRegen  0.25/turn              p - +2 ring of protection
MPRegen  0.12/turn              q - +2 ring of evasion

@: berserk cooldown, slowed, very slow
A: camouflage 1, negative energy resistance 1, robust 1, electricity resistance,
unbreathing, petrification resistance, rot immunity, sturdy frame 1, AC +8
a: Berserk, Trog's Hand, Brothers in Arms, Burn Spellbooks, Renounce Religion


You were in the Dungeon.
You worshipped Trog.
Trog was exalted by your worship.
You were very hungry.

You visited 1 branch You collected 458 gold pieces.

Inventory:

Hand Weapons
 n - the +14 obsidian axe {chop, +Fly SInv *Curse}
   (You found it in the Dungeon)

   It inflicts extra damage upon your enemies.
   It lets you see invisible.
   It lets you fly.
   It curses itself when equipped.
 t - a +1 hand axe of freezing
 u - the +5 executioner's axe of Invincibility (weapon) {drain, rElec rPois Dex-5 SInv}
   (Trog gifted it to you in the Dungeon)

   A truly terrible weapon, it drains the life of those it strikes.
   It affects your dexterity (-5).
   It insulates you from electricity.
   It protects you from poison.
   It lets you see invisible.
 v - a +6 executioner's axe of chopping
Armour
 o - a +1 chain mail of poison resistance (worn)
Jewellery
 p - a +2 ring of protection (left hand)
 q - a +2 ring of evasion (right hand)
Wands
 m - a wand of iceblast (18)
Scrolls
 i - 3 scrolls of blinking
 l - 2 scrolls of remove curse
 r - 4 scrolls of enchant weapon
 s - a scroll of fear
Potions
 b - 2 potions of might
 d - 7 potions of curing
 e - 5 potions of heal wounds
 f - a potion of haste
 g - 4 potions of magic
 h - a potion of berserk rage
 k - a potion of invisibility
Comestibles
 c - 11 rations


   Skills:
 + Level 16.9 Fighting
 + Level 18.3 Axes
 + Level 9.1 Armour
 + Level 7.0 Dodging
 + Level 0.8 Stealth


You had 10 spell levels left.
You didn't know any spells.

Dungeon Overview and Level Annotations

Branches:
Dungeon (1/1)

Altars:
Cheibriados
Dithmenos
Elyvilon
Fedhas
Gozag
Hepliaklqana
Kikubaaqudgha
Makhleb
Nemelex Xobeh
Okawaru
Qazlal
Ru
Sif Muna
Trog
Uskayaw
Vehumet
Wu Jian
Xom
Yredelemnul
Zin
The Shining One
Beogh
Jiyva
Lugonu


Innate Abilities, Weirdness & Mutations

You are resistant to torment.
Your stone body is resilient. (AC +8)
You are immune to poison.
You resist negative energy. (rN+)
You are resistant to electric shocks. (rElec)
You can survive without breathing.
You are immune to petrification.
You are immune to rotting.
Your skin changes colour to match your surroundings (Stealth+).
You are robust. (+10% HP)
Your movements are slightly less encumbered by armour. (ER -2)


Message History

The orc warrior is heavily wounded.
The orc warrior hits you with a battleaxe!
The orc warrior hits you with a battleaxe.
* * * LOW HITPOINT WARNING * * *
Unknown command.
You hit the orc warrior but do no damage.
The orc warrior is heavily wounded.
The orc warrior no longer looks unusually strong.
The orc warrior closely misses you.
You chop the orc warrior into pieces!!!
You kill the orc warrior!
Trog accepts your kill.
The orc warrior hits you with a war axe of chopping!
* * * LOW HITPOINT WARNING * * *
x2 An orc priest comes into view. It is wielding a club.
You hit the orc warrior.
The orc warrior is lightly wounded.
The orc warrior hits you with a war axe of chopping!
* * * LOW HITPOINT WARNING * * *
You die...

▓_▓.▓†▓.▓.▓
▓_▓.▓.▓(▓.▓
▓_▓.▓.▓(▓.▓
▓_▓.▓.▓.▓.▓
▓_▓.▓.▓.▓.▓
▓_▓.▓.▓.▓.▓
▓_▓.▓.▓.▓(▓
▓_▓.▓.▓.▓)▓
▓_▓.▓.▓.▓@▓
▓_▓.▓.▓.▓o▓
▓_▓.▓)▓.▓o▓
▓_▓.▓†▓.▓o▓
▓_▓.▓.▓.▓o▓
▓_▓.▓.▓.▓o▓
▓_▓.▓.▓.▓.▓
▓_▓.▓.▓.▓o▓
▓_▓.▓.▓.▓


You could see 4 orc warriors, an orc priest and an orc wizard (invisible).

Vanquished Creatures
  A stone giant (D)
  Josephine (D)
  A hydra (D)
  2 two-headed ogres (D)
  An orc high priest (D)
  An unseen horror (D)
  An orc knight (D)
  A black mamba (D)
  Joseph (D)
  A torpor snail (D)
  A spiny frog (D)
  3 hippogriffs (D)
  2 wyverns (D)
  2 yaks (D)
  4 wraiths (D)
  3 wargs (D)
  4 water moccasins (D)
  2 hell hounds (D)
  3 porcupines (D)
  3 orc warriors (D)
  An ice beast (D)
  2 crocodiles (D)
  3 wolves (D)
  2 bullfrogs (D)
  5 orc wizards (D)
  4 orc priests (D)
  An iguana (D)
  A worker ant (D)
  A gnoll (D)
  An adder zombie (D)
  5 orcs (D)
  3 bats (D)
  A bat skeleton (D)
  A frilled lizard (D)
  A goblin (D)
  A rat (D)
71 creatures vanquished.

Vanquished Creatures (collateral kills)
  A centaur warrior (D)
  A hound (D)
2 creatures vanquished.

Grand Total: 73 creatures vanquished

Notes
Turn   | Place    | Note
-------+----------+-------------------------------------------
     0 | D        | Fang the Gargoyle Berserker began the quest for the Orb.
     0 | D        | Reached XP level 1. HP: 14/14 MP: 1/1
     5 | D        | Reached skill level 3 in Axes
     8 | D        | Reached ** piety under Trog
   209 | D        | Noticed an ice beast
   216 | D        | Reached *** piety under Trog
   216 | D        | Reached XP level 2. HP: 20/20 MP: 2/2
   217 | D        | Reached skill level 4 in Axes
   224 | D        | Killed an ice beast
   224 | D        | Reached skill level 6 in Axes
   224 | D        | Reached XP level 3. HP: 28/28 MP: 3/3
   224 | D        | Reached XP level 4. HP: 34/34 MP: 4/4
   239 | D        | Found a roughly hewn altar of Beogh.
   239 | D        | Found a snail-covered altar of Cheibriados.
   239 | D        | Found a shadowy altar of Dithmenos.
   239 | D        | Found a white marble altar of Elyvilon.
   239 | D        | Found a blossoming altar of Fedhas.
   239 | D        | Found an opulent altar of Gozag.
   240 | D        | Found a hazy altar of Hepliaklqana.
   241 | D        | Found a viscous altar of Jiyva.
   242 | D        | Found an ancient bone altar of Kikubaaqudgha.
   243 | D        | Found a corrupted altar of Lugonu.
   244 | D        | Found a burning altar of Makhleb.
   245 | D        | Found a sparkling altar of Nemelex Xobeh.
   246 | D        | Found an iron altar of Okawaru.
   247 | D        | Found a stormy altar of Qazlal.
   248 | D        | Found a sacrificial altar of Ru.
   249 | D        | Found a deep blue altar of Sif Muna.
   250 | D        | Found a bloodstained altar of Trog.
   251 | D        | Found a hide-covered altar of Uskayaw.
   252 | D        | Found a radiant altar of Vehumet.
   253 | D        | Found an ornate altar of the Wu Jian Council.
   254 | D        | Found a shimmering altar of Xom.
   255 | D        | Found a basalt altar of Yredelemnul.
   256 | D        | Found a glowing silver altar of Zin.
   257 | D        | Found a glowing golden altar of the Shining One.
   276 | D        | Found the +14 obsidian axe {chop, +Fly SInv *Curse}
   301 | D        | Noticed an orc warrior
   301 | D        | Noticed a two-headed ogre
   301 | D        | Noticed a bullfrog
   301 | D        | Noticed a two-headed ogre
   304 | D        | Killed a two-headed ogre
   304 | D        | Reached **** piety under Trog
   304 | D        | Reached skill level 10 in Axes
   304 | D        | Reached XP level 5. HP: 44/44 MP: 5/5
   304 | D        | Reached XP level 6. HP: 49/49 MP: 6/6
   304 | D        | Reached XP level 7. HP: 54/54 MP: 7/7
   307 | D        | Reached skill level 5 in Dodging
   307 | D        | Reached XP level 8. HP: 60/60 MP: 8/8
   313 | D        | Killed a two-headed ogre
   313 | D        | Reached skill level 12 in Axes
   313 | D        | Reached skill level 5 in Armour
   314 | D        | Reached ***** piety under Trog
   347 | D        | Noticed a wyvern
   347 | D        | Noticed a yak
   347 | D        | Noticed a centaur warrior
   347 | D        | Noticed an unseen horror
   347 | D        | Noticed a hippogriff
   350 | D        | Killed a wyvern
   350 | D        | Reached XP level 9. HP: 61/68 MP: 9/9
   357 | D        | Killed a centaur warrior
   357 | D        | Reached skill level 13 in Axes
   360 | D        | Killed an unseen horror
   360 | D        | Reached skill level 14 in Axes
   362 | D        | Received a gift from Trog
   476 | D        | Gained mutation: Your movements are slightly less encumbered by armour. (ER -2) [potion of mutation]
   476 | D        | Gained mutation: You are robust. (+10% HP) [potion of mutation]
   476 | D        | Gained mutation: Your skin changes colour to match your surroundings (Stealth+). [potion of mutation]
   506 | D        | Reached XP level 10. HP: 83/83 MP: 10/10
   510 | D        | Noticed a torpor snail
   520 | D        | Reached ****** piety under Trog
   524 | D        | Killed a torpor snail
   524 | D        | Received a gift from Trog
   524 | D        | Reached skill level 15 in Fighting
   524 | D        | Reached skill level 15 in Axes
   647 | D        | Noticed a six-headed hydra
   647 | D        | Noticed a black mamba
   650 | D        | Noticed a spiny frog
   650 | D        | Killed an eight-headed hydra
   658 | D        | Killed a black mamba
   660 | D        | Received a gift from Trog
   662 | D        | Reached skill level 16 in Axes
   665 | D        | Killed a spiny frog
   709 | D        | Reached XP level 11. HP: 91/91 MP: 11/11
   717 | D        | Received a gift from Trog
   734 | D        | Got a warped executioner's axe {god gift}
   735 | D        | Identified the +5 executioner's axe of Invincibility {drain, rElec rPois Dex-5 SInv} (Trog gifted it to you in the Dungeon)
   801 | D        | Noticed Josephine
   814 | D        | Killed Josephine
   814 | D        | Received a gift from Trog
   814 | D        | Reached skill level 17 in Axes
   880 | D        | Noticed Joseph
   887 | D        | Killed Joseph
   935 | D        | Received a gift from Trog
   951 | D        | Received a gift from Trog
  1164 | D        | Noticed a stone giant
  1164 | D        | Noticed an orc high priest
  1168 | D        | Noticed an orc knight
  1173 | D        | Killed a stone giant
  1184 | D        | Killed an orc high priest
  1184 | D        | Reached skill level 18 in Axes
  1189 | D        | Killed an orc knight
  1195 | D        | HP: 2/92 [orc warrior/war axe of chopping (7)]
  1195 | D        | Slain by an orc warrior

Skill      XL: |  1  2  3  4  5  6  7  8  9 10 11 |
---------------+----------------------------------+-----
Axes           | 3 6 10 12 14 16 18 | 18.3
Fighting       | 4 7 11 13 14 15 16 | 16.9
Dodging        | 2 3 4 5 6 7 |  7.0
Armour         | 3 4 5 6 7 9 |  9.1
Stealth        | |  0.8

Action                   |  1- 3 |  4- 6 |  7- 9 | 10-12 || total
-------------------------+-------+-------+-------+-------++-------
Melee: Hand axe          |    22 |     5 |       |       ||    27
       Broad axe         |       |     2 |    24 |    59 ||    85
       Executioner's axe |       |       |       |    75 ||    75
Invok: Berserk           |     1 |     1 |       |     4 ||     6
  Use: Scroll            |       |     1 |       |     2 ||     3
       Potion            |       |       |     1 |       ||     1
  Eat: Chunk             |       |       |     1 |     4 ||     5
Armor: Animal skin       |     5 |     2 |       |       ||     7
       Chain mail        |       |       |     6 |    52 ||    58
Dodge: Dodged            |     9 |     2 |    10 |    59 ||    80
